 Dungeon Crawl Stone Soup version 0.32-a0-361-g289a535e89 (webtiles) character file.

Game seed: 2076931124510338166

10069 ytrimaz the Cleaver (level 11, 0/84 HPs)
             Began as a Coglin Gladiator on Feb 19, 2024.
             Was a High Priest of Okawaru.
             Slain by a vampire (5 damage)
             ... on level 10 of the Dungeon.
             The game lasted 00:13:04 (8342 turns).

ytrimaz the Cleaver (Coglin Gladiator)              Turns: 8342, Time: 00:13:05

Health: 0/84       AC: 18    Str: 18    XL:     11   Next: 56%
Magic:  9/15       EV: 13    Int:  9    God:    Okawaru [*****.]
Gold:   376        SH:  0    Dex: 15    Spells: 10/10 levels left

rFire   . . .        a - +0 war axe (heavy) {Izel}
rCold   . . .        s - +0 war axe {Tejnoor}
rNeg    . . .        E - +0 plate armour
rPois   .            J - +1 helmet
rElec   .            D - +0 cloak
rCorr   .            z - +0 pair of gloves
SInv    .            w - +0 pair of boots
Will    .....        q - amulet of regeneration Stlth
                     k - +5 ring of evasion
HPRegen 1.14/turn    (no ring)
MPRegen 0.14/turn

%: no passive effects
@: heroic, finesse-ful, slowed, revving, stiff-legged, very slow
A: off-hand wielding, slow wielding, warmup strikes, warmup strides
a: Renounce Religion, Heroism, Finesse, Duel


You were on level 10 of the Dungeon.
You worshipped Okawaru.
Okawaru was extremely pleased with you.
You visited 2 branches of the dungeon, and saw 10 of its levels.
You visited the Abyss 1 time.
You also visited: Sewer.

You collected 376 gold pieces.


Innate Abilities, Weirdness & Mutations

You can wield a second weapon in your off-hand.
It takes a long time for you to wield or remove held weapons.
Your first few attacks do less damage.
Your first movements take longer.


   Skills:
 + Level 7.5(12.5) Fighting
 + Level 14.3(19.3) Axes
 - Level 1.7(6.7) Throwing
 - Level 2.6(7.6) Dodging
 - Level 3.4(8.4) Stealth
 + Level 5.8 Invocations


You had 10 spell levels left.
You didn't know any spells.
Your spell library contained the following spells:

 Spells                   Type           Power      Damage    Failure   Level
 Freeze                   Ice            0%         1d3       100%        1
 Shock                    Conj/Air       0%         1d3       100%        1
 Frozen Ramparts          Ice            0%         1d1       100%        3
 Hailstorm                Conj/Ice       0%         3d5       100%        3
 Swiftness                Air            0%         N/A       100%        3
 Airstrike                Air            0%         2d(0-16)  100%        4

Inventory:

Hand Weapons
 a - a +0 heavy war axe (weapon) {Izel}
 p - a +1 dagger of draining {Eitaro}
   (You took it off a goblin on level 3 of the Dungeon)
 s - a +0 war axe (worn) {Tejnoor}
   (You took it off an orc on level 6 of the Dungeon)
Missiles
 d - 3 throwing nets
 C - a javelin
Armour
 b - a +0 leather armour
 w - a +0 pair of boots (worn)
   (You found it in a sewer)
 z - a +0 pair of gloves (worn)
   (You found it on level 8 of the Dungeon)
 D - a +0 cloak (worn)
   (You took it off Maurice on level 8 of the Dungeon)
 E - a +0 plate armour (worn)
   (You found it on level 9 of the Dungeon)
 J - a +1 helmet (worn)
   (You found it on level 10 of the Dungeon)
Jewellery
 k - a +5 ring of evasion (left grasper)
   (You found it on level 3 of the Dungeon)
 o - an amulet of magic regeneration
   (You found it on level 3 of the Dungeon)
 q - an amulet of regeneration (around neck)
   (You found it on level 3 of the Dungeon)
 r - a ring of fire
   (You found it on level 3 of the Dungeon)
 A - an amulet of the acrobat
   (You took it off an orc wizard on level 8 of the Dungeon)
Wands
 e - a wand of iceblast (7) (quivered)
   (You took it off Maurice on level 8 of the Dungeon)
 H - a wand of mindburst (5)
   (You found it on level 9 of the Dungeon)
Scrolls
 h - a scroll of noise
 j - a scroll of enchant armour
 m - 5 scrolls of teleportation
 x - a scroll of fog
 y - a scroll of enchant weapon
 F - a scroll of torment
 I - a scroll of poison
Potions
 g - a potion of mutation
 l - 2 potions of haste
 n - 2 potions of lignification {unknown}
 t - a potion of invisibility {unknown}
 u - a potion of cancellation {unknown}
 v - 2 potions of magic {unknown}
 B - 2 potions of might {unknown}
 G - 2 potions of enlightenment {unknown}

Dungeon Overview and Level Annotations

Branches:
Dungeon (10/15) Zot: 26479  Temple (1/1) D:6 Zot: 5880    Lair (0/5) D:8
  Sewer (visited)
    Orc: D:9-12

Altars:
Ashenzari
Dithmenos
Elyvilon
Fedhas
Gozag
Hepliaklqana
Kikubaaqudgha
Makhleb
Nemelex Xobeh
Okawaru
Ru
Sif Muna
Uskayaw
Wu Jian
Xom
Yredelemnul
Zin
The Shining One

Shops:
D:3 *   D:9 (

Annotations:
D:6 1 runed translucent door, xianbchi's ghost, novice DsNe

..... #......
#......
#......##.....#
.#......#......#
........#......
.......#.##.#
#.....#....#######
#.........{...$..#
###......W@....!#
##..>.........#
#...........)#
####.############
##....# ###..####
##...## #..###
##.##


You could see a wraith.


Message History

* * * LOW HITPOINT WARNING * * *
Something draws strength from your injuries!
The wraith closely misses you.
You're too confused to move!
Something hits you but does no damage. Something bites you!
* * * LOW HITPOINT WARNING * * *
Something draws strength from your injuries!
The wraith misses you. Something hits you.
* * * LOW HITPOINT WARNING * * *
Something bites you but does no damage. 😱 HP[-38]
You take 38 damage, and now have 18/84 hp.
MASSIVE DAMAGE!! (PAUSE)
You feel better. The wraith misses you. Something hits you but does no damage.
Something bites you!
* * * LOW HITPOINT WARNING * * *
Something draws strength from your injuries!
The wraith hits you.
* * * LOW HITPOINT WARNING * * *
😱 HP[-1]
You take 1 damage, and now have 17/84 hp.
Unknown command.
Okay, then.
Okay, then.
You can now deal lightning-fast blows.
Something hits you.
* * * LOW HITPOINT WARNING * * *
Something bites you but does no damage. The wraith barely misses you.
Something hits you but does no damage.
Something bites you but does no damage. 😱 HP[-4] MP[-5]
You take 4 damage, and now have 13/84 hp.
You lost 5 mp, and now have 10/15 mp.
You feel much better. The wraith barely misses you. Something hits you.
* * * LOW HITPOINT WARNING * * *
Something bites you but does no damage. The wraith hits you.
* * * LOW HITPOINT WARNING * * *
The wraith drains your vigour!
You feel as though you will be slow longer. 😨 HP[+16]
You regained 16 hp, and now have 29/84 hp.
You gain the combat prowess of a mighty hero.
Something hits you!
* * * LOW HITPOINT WARNING * * *
Something bites you.
* * * LOW HITPOINT WARNING * * *
Something draws strength from your injuries!
The wraith hits you!
* * * LOW HITPOINT WARNING * * *
The wraith drains your vigour!
You feel as though you will be slow longer.
You hear some strange, mumbled words.
Something tries to affect you, but you resist. 😱 HP[-20] MP[-2]
You take 20 damage, and now have 9/84 hp.
MASSIVE DAMAGE!! (PAUSE)
You lost 2 mp, and now have 8/15 mp.
You hit something but do no damage.
You barely miss the wraith with your +0 war axe.
You hit something but do no damage.
You slash the wraith with your +0 heavy war axe!
The wraith hits you but does no damage. 😱 HP[+1] Unknown command.
You completely miss something with your +0 war axe.
You hit the wraith but do no damage.
You closely miss something with your +0 heavy war axe.
You slash the wraith with your +0 heavy war axe!
Something hits you but does no damage. Something bites you but does no damage.
The wraith hits you!
* * * LOW HITPOINT WARNING * * *
The wraith drains your vigour!
You feel as though you will be slow longer. 😱 HP[-6] MP[+1]
You take 6 damage, and now have 4/84 hp.
Unknown command.
Okay, then.
You feel better. Something hits you.
* * * LOW HITPOINT WARNING * * *
Something bites you but does no damage.
The wraith hits you but does no damage. 😱 HP[+4]
You regained 4 hp, and now have 8/84 hp.
You hit something but do no damage.
You closely miss the wraith with your +0 war axe.
You closely miss something with your +0 heavy war axe.
You closely miss the wraith with your +0 heavy war axe.
Something hits you.
* * * LOW HITPOINT WARNING * * *
Something bites you.
* * * LOW HITPOINT WARNING * * *
Something draws strength from your injuries!
The wraith barely misses you. 😱 HP[-4]
You take 4 damage, and now have 4/84 hp.
Unknown command.
You closely miss something with your +0 war axe.
You closely miss the wraith with your +0 war axe.
You miss something with your +0 heavy war axe.
You hit the wraith with your +0 heavy war axe.
Something hits you.
You die...

Skill      XL: |  1  2  3  4  5  6  7  8  9 10 11 |
---------------+----------------------------------+-----
Stealth        | 1 2 3 |  3.4
Axes           | 4 5 6 8 10 12 13 14 | 14.3
Invocations    | 1 4 5 |  5.8
Fighting       | 3 6 7 |  7.5
Throwing       | |  1.7
Dodging        | |  2.6

Action                     |  1- 3 |  4- 6 |  7- 9 | 10-12 || total
---------------------------+-------+-------+-------+-------++-------
  Melee: War axe           |    72 |   133 |   285 |   370 ||   860
         Dagger            |       |    54 |    47 |       ||   101
  Throw: Throwing net      |       |       |     3 |       ||     3
         Javelin           |       |       |       |     2 ||     2
 Invoke: Heroism           |       |       |     2 |     6 ||     8
         Finesse           |       |       |       |     1 ||     1
  Evoke: Wand              |       |       |       |     5 ||     5
    Use: Scroll            |     2 |     6 |     6 |     2 ||    16
         Potion            |       |     4 |     5 |     4 ||    13
   Stab: Sleeping          |       |     2 |     2 |     2 ||     6
         Distracted        |       |     1 |     1 |       ||     2
         Held in net/web   |       |       |     1 |       ||     1
 Armour: Leather armour    |     4 |       |       |       ||     4
         Ring mail         |    54 |   112 |   136 |    85 ||   387
         Plate armour      |       |       |       |   197 ||   197
  Dodge: Dodged            |    69 |   153 |   190 |   206 ||   618

Levels and vault maps discovered:
D:1:      dpeg_arrival_castle, layout_basic, patterned_corridor
D:2:      layout_loops_ring, minmay_misc_feat_chi, kennysheep_generic_room_11
D:3:      layout_basic, mainiacjoe_overflow_alcove_2,
          shapermc_ecumenical_altar_pompeii, serial_shops,
          nicolae_shop_tiny_glass, chequers_serial_rivers_room_b,
          kennysheep_generic_room_7
D:4:      minmay_goblin_kobold_castle, layout_loops_ring, portal_sewer_entry_f,
          nicolae_shop_i_like_small_books_too, st_stairs_2
D:6:      layout_rooms, minmay_temple_entry_hall, ebering_ghost_inner_flame,
          minivault_26, kennysheep_generic_room_12, uniq_prince_ribbit1
D:7:      layout_basic
D:8:      layout_rooms, mainiacjoe_overflow_alcove_3, david_lair_shrubbed,
          uniq_maurice, uniq_grum
D:9:      layout_big_octagon, mainiacjoe_overflow_concentric_impassable,
          serial_shops, nicolae_square_shop, hangedman_abyss_or_decor_passed
D:10:     layout_basic, serial_undead, serial_undead_b, serial_undead_c,
          serial_undead_a, serial_undead_f, grunt_decor_one_mirror,
          roderic_roman_lattice, skrybe_limestone_x
Temple:   minmay_temple_forest_path

Notes
Turn   | Place    | Note
-------+----------+-------------------------------------------
     0 | D:1      | ytrimaz the Coglin Gladiator began the quest for the Orb.
     0 | D:1      | Reached XP level 1. HP: 16/16 MP: 1/1
     0 | D:1      | magus.rc [v1.9.6]
   231 | D:1      | Reached XP level 2. HP: 22/22 MP: 2/2
   362 | D:1      | Reached skill level 1 in Stealth
   397 | D:1      | Reached XP level 3. HP: 25/27 MP: 3/3
  1218 | D:2      | Reached skill level 4 in Axes
  1309 | D:2      | Reached XP level 4. HP: 31/33 MP: 4/4
  1328 | D:2      | Reached skill level 2 in Stealth
  2032 | D:3      | Reached XP level 5. HP: 25/38 MP: 5/5
  2293 | D:3      | Found Nebb's General Store.
  2423 | D:3      | Reached skill level 3 in Stealth
  2424 | D:3      | HP: 4/38 [orc priest/nerve-wracking pain (10)]
  2430 | D:3      | Reached skill level 5 in Axes
  2582 | D:3      | Found a faded altar of an unknown god.
  2633 | D:3      | You pick up a book of Frost and begin reading...
  2633 | D:3      | You add the spells Freeze, Frozen Ramparts and Hailstorm to
                  | your library.
  3329 | D:3      | Found an opulent altar of Gozag.
  3401 | D:4      | Reached XP level 6. HP: 36/41 MP: 6/6
  3415 | D:4      | Found a glowing drain.
  3429 | Sewer    | Entered a sewer
  3641 | Sewer    | Reached skill level 6 in Axes
  3659 | Sewer    | Reached XP level 7. HP: 48/50 MP: 7/7
  4092 | D:4      | You fall into a shaft and drop 2 floors!
  4171 | D:6      | Found a staircase to the Ecumenical Temple.
  4177 | Temple   | Entered the Ecumenical Temple
  4237 | Temple   | Became a worshipper of Warmaster Okawaru
  4306 | D:6      | Reached skill level 7 in Axes
  4370 | D:6      | Noticed Prince Ribbit
  4383 | D:6      | Killed Prince Ribbit
  4454 | D:6      | Reached skill level 8 in Axes
  4463 | D:6      | Reached * piety under Okawaru
  4464 | D:6      | Reached XP level 8. HP: 56/56 MP: 8/8
  4535 | D:6      | Reached skill level 9 in Axes
  4596 | D:6      | Found a runed translucent door.
  4596 | D:6      | Noticed xianbchi's ghost (novice DsNe)
  4596 | D:6      | Noticed a wyvern
  4938 | D:7      | Reached skill level 10 in Axes
  4973 | D:7      | Reached ** piety under Okawaru
  4991 | D:7      | Reached XP level 9. HP: 42/61 MP: 9/9
  5026 | D:7      | You are cast into the Abyss!
  5026 | Abyss:1  | Cast into level 1 of the Abyss (kobold brigand)
  5044 | Abyss:1  | Noticed a large abomination
  5080 | Abyss:1  | Killed a large abomination
  5081 | Abyss:1  | Reached skill level 11 in Axes
  5102 | Abyss:1  | Found a corrupted altar of Lugonu.
  5109 | Abyss:1  | Noticed a large abomination
  5121 | Abyss:1  | Killed a large abomination
  5127 | Abyss:1  | Noticed a soul eater
  5128 | Abyss:1  | Noticed a thrashing horror
  5138 | Abyss:1  | HP: 10/61 [thrashing horror (11)]
  5139 | Abyss:1  | HP: 3/61 [small abomination (9)]
  5413 | Abyss:1  | Noticed a large abomination
  5418 | Abyss:1  | HP: 10/61 [large abomination (26)]
  5420 | Abyss:1  | Killed a large abomination
  5421 | Abyss:1  | Reached skill level 12 in Axes
  5423 | D:7      | You pass through the gate.
  5423 | D:7      | Escaped the Abyss
  6139 | D:8      | Identified the maw talisman "Suaxi" {rPois Int+5}
  6160 | D:8      | Reached *** piety under Okawaru
  6188 | D:8      | Noticed Grum
  6207 | D:8      | Reached skill level 1 in Invocations
  6215 | D:8      | Killed Grum
  6216 | D:8      | Reached skill level 3 in Fighting
  6289 | D:8      | Reached XP level 10. HP: 63/70 MP: 11/11
  6294 | D:8      | Reached skill level 2 in Invocations
  6319 | D:7      | Reached skill level 13 in Axes
  6413 | D:8      | Reached skill level 4 in Fighting
  6413 | D:8      | HP: 13/71 [yak (10)]
  6606 | D:7      | Reached **** piety under Okawaru
  6621 | D:8      | Reached skill level 3 in Invocations
  6727 | D:8      | Found an ornate altar of the Wu Jian Council.
  6727 | D:8      | Found a hide-covered altar of Uskayaw.
  6729 | D:8      | Found a basalt altar of Yredelemnul.
  6729 | D:8      | Found a glowing silver altar of Zin.
  6735 | D:8      | You pick up a book of Air and begin reading...
  6735 | D:8      | You add the spells Shock, Swiftness and Airstrike to your
                  | library.
  6880 | D:8      | Reached skill level 5 in Fighting
  6907 | D:8      | Noticed Maurice
  6918 | D:8      | Something stole an amulet of magic regeneration
  6936 | D:8      | Something stole 3 throwing nets
  6938 | D:8      | Something stole a +1 dagger of draining {Eitaro}
  6939 | D:8      | Killed Maurice
  7093 | D:8      | Found a staircase to the Lair.
  7114 | D:8      | Reached skill level 4 in Invocations
  7295 | D:9      | Found a blossoming altar of Fedhas.
  7533 | D:9      | Found Sigreh's Weapon Emporium.
  7574 | D:9      | Reached skill level 6 in Fighting
  7648 | D:9      | Reached XP level 11. HP: 76/81 MP: 14/14
  7871 | D:10     | Entered Level 10 of the Dungeon
  7884 | D:10     | Reached skill level 5 in Invocations
  7888 | D:10     | Reached ***** piety under Okawaru
  7889 | D:10     | Reached skill level 14 in Axes
  7926 | D:10     | Noticed a sixfirhy
  7978 | D:10     | Reached skill level 7 in Fighting
  8094 | D:10     | HP: 21/84 [gnoll/+0 spear[a gnoll sergeant] (1)]
  8333 | D:10     | HP: 20/84 [something (11)]
  8337 | D:10     | HP: 9/84 [wraith (8)]
  8339 | D:10     | HP: 4/84 [wraith (7)]
  8342 | D:10     | Slain by a vampire

Vanquished Creatures
  Maurice (D:8)
  4 centaur zombies (D:10)
  3 large abominations (Abyss:1)
  A komodo dragon (D:8)
  A kobold demonologist (D:10)
  Prince Ribbit (D:6)
  2 shadows (D:10)
  A vampire (D:10)
  4 wraiths
  2 wyverns (D:9)
  10 yaks
  Grum (D:8)
  2 water moccasins
  An acid dragon (D:7)
  2 black bears
  3 orc warriors
  4 ice beasts
  A sky beast (D:6)
  3 wolves (D:8)
  2 centaurs (D:9)
  3 kobold brigands
  2 bullfrogs
  2 gnoll sergeants
  A scorpion (D:6)
  9 wights
  11 killer bees (D:9)
  3 electric eels (D:9)
  4 howler monkeys
  A bombardier beetle (D:3)
  2 hounds
  A gnoll bouda (D:8)
  5 orc priests
  3 iguanas
  A sleepcap (D:7)
  7 orc wizards
  2 howler monkey zombies (D:10)
  13 gnolls
  3 adders (Sewer)
  3 river rats (Sewer)
  A shadow imp (D:6)
  3 white imps
  4 ufetubi (D:7)
  4 dart slugs
  A ribbon worm (D:2)
  28 orcs
  9 ball pythons
  4 bats
  6 endoplasms
  7 giant cockroaches
  4 goblins
  4 hobgoblins
  6 jackals
  26 kobolds
  4 quokkas
  2 frilled lizards (D:1)
  21 rats
259 creatures vanquished.

Table legend:
 A = Non-vault XP
 B = Vault XP
 C = Vault XP percentage of total XP
 D = Non-vault monster count
 E = Vault monster count
 F = Vault count percentage of total count
                 A         B        C        D         E       F
            +---------+---------+-------+---------+---------+-------
      Total |   10053 |    4332 |  30.1 |     191 |      68 |  26.3
            +---------+---------+-------+---------+---------+-------
        D:1 |      56 |       0 |   0.0 |      19 |       0 |   0.0
        D:2 |      70 |       3 |   4.1 |      23 |       1 |   4.2
        D:3 |     179 |      10 |   5.3 |      15 |       4 |  21.1
        D:4 |      46 |      15 |  24.6 |       1 |       5 |  83.3
        D:6 |     571 |     539 |  48.6 |      12 |       3 |  20.0
        D:7 |    1408 |       0 |   0.0 |      29 |       0 |   0.0
        D:8 |    2412 |    1301 |  35.0 |      36 |       7 |  16.3
        D:9 |    2259 |       0 |   0.0 |      35 |       0 |   0.0
       D:10 |    1755 |    2212 |  55.8 |      18 |      11 |  37.9
    Abyss:1 |    1297 |       0 |   0.0 |       3 |       0 |   0.0
      Sewer |       0 |     252 | 100.0 |       0 |      37 | 100.0
            +---------+---------+-------+---------+---------+-------

Skill      XL: |  1  2  3  4  5  6  7  8  9 10 11 |
---------------+----------------------------------+-----
Stealth        | 1 2 3 |  3.4
Axes           | 4 5 6 8 10 12 13 14 | 14.3
Invocations    | 1 4 5 |  5.8
Fighting       | 3 6 7 |  7.5
Throwing       | |  1.7
Dodging        | |  2.6

Action                     |  1- 3 |  4- 6 |  7- 9 | 10-12 || total
---------------------------+-------+-------+-------+-------++-------
  Melee: War axe           |    72 |   133 |   285 |   370 ||   860
         Dagger            |       |    54 |    47 |       ||   101
  Throw: Throwing net      |       |       |     3 |       ||     3
         Javelin           |       |       |       |     2 ||     2
 Invoke: Heroism           |       |       |     2 |     6 ||     8
         Finesse           |       |       |       |     1 ||     1
  Evoke: Wand              |       |       |       |     5 ||     5
    Use: Scroll            |     2 |     6 |     6 |     2 ||    16
         Potion            |       |     4 |     5 |     4 ||    13
   Stab: Sleeping          |       |     2 |     2 |     2 ||     6
         Distracted        |       |     1 |     1 |       ||     2
         Held in net/web   |       |       |     1 |       ||     1
 Armour: Leather armour    |     4 |       |       |       ||     4
         Ring mail         |    54 |   112 |   136 |    85 ||   387
         Plate armour      |       |       |       |   197 ||   197
  Dodge: Dodged            |    69 |   153 |   190 |   206 ||   618

Illustrated notes

Table legend:
 A = Kills in this place as a percentage of kills in the entire game.
 B = Kills by you in this place as a percentage of kills by you in the entire game.
 C = Kills by friends in this place as a percentage of kills by friends in the entire game.
 D = Other kills in this place as a percentage of other kills in the entire game.
 E = Experience gained in this place as a percentage of experience gained in the entire game.
 F = Experience gained in this place divided by the number of levels of this place that you have seen.
                   A       B       C       D       E      F
               +-------+-------+-------+-------+-------+----------------------
         Total | 100.0 | 100.0 |   N/A |   N/A | 100.0 | 1198.8
       Dungeon |  84.6 |  84.6 |   N/A |   N/A |  89.2 | 1426.2
         Abyss |   1.2 |   1.2 |   N/A |   N/A |   9.0 | 1297.0
         Sewer |  14.3 |  14.3 |   N/A |   N/A |   1.8 | 252.0
               +-------+-------+-------+-------+-------+----------------------

Table legend: (Time is in decaauts)
 A = Elapsed time spent in this place.
 B = Non-inter-level travel time spent in this place.
 C = Inter-level travel time spent in this place.
 D = Time resting spent in this place.
 E = Time spent auto-exploring this place.
 F = Levels seen in this place.
 G = Mean time per level.
                   A        B        C        D        E       F      G
               +--------+--------+--------+--------+--------+-----+--------+
         Total |   8775 |   8369 |    406 |    570 |   5792 |  12 |  731.2 |
       Dungeon |   7614 |   7316 |    298 |    317 |   5363 |   9 |  846.0 |
        Temple |    119 |     11 |    108 |      0 |      0 |   1 |  119.0 |
         Abyss |    407 |    407 |      0 |    253 |     29 |   1 |  407.0 |
         Sewer |    633 |    633 |      0 |      0 |    400 |   1 |  633.0 |
               +--------+--------+--------+--------+--------+-----+--------+

Top non-repeatable levels by time:
     D:3: 1438 daAuts
     D:1: 1222 daAuts
     D:7: 1105 daAuts
     D:8: 930 daAuts
     D:2: 905 daAuts
     D:6: 693 daAuts
     D:9: 654 daAuts
   Sewer: 633 daAuts
    D:10: 520 daAuts
 Abyss:1: 407 daAuts
     D:4: 143 daAuts
  Temple: 119 daAuts
